 Dungeon Crawl Stone Soup version 0.29.1-13-g9f3cf754e1 (webtiles) character file.

Game seed: 15431570256958881582

42 ChrisAssaf the Sneak (level 3, 0/28 HPs)
             Began as a Djinni Brigand on Jan 27, 2023.
             Slain by a gnoll
             ... wielding a +0 club
              (2 damage)
             ... on level 3 of the Dungeon.
             The game lasted 00:04:54 (1007 turns).

ChrisAssaf the Sneak (Djinni Brigand)               Turns: 1007, Time: 00:04:55

Health: 0/28       AC:  3    Str: 10    XL:     3   Next: 80%
Gold:   35         EV: 12    Int: 14    God:
                   SH:  0    Dex: 14

rFire   + + +      SeeInvis .   g - +0 short sword (freeze)
rCold   . . .      Faith    .   (no shield)
rNeg    . . .      Spirit   .   b - +0 robe
rPois   ∞          Reflect  .   (no helmet)
rElec   +          Harm     .   c - +0 cloak
rCorr   +          Rampage  .   (no gloves)
Will    .....                   (boots unavailable)
Stlth   ++........              (no amulet)
HPRegen 0.09/turn               (no ring)
MPRegen 0.00/turn               (no ring)

@: resistant, flying
A: sickness immunity, fire resistance 2, cold vulnerability 1, float, innate
caster, HP casting, extra vitality 1
a: no special abilities


You were on level 3 of the Dungeon.
You visited 1 branch of the dungeon, and saw 3 of its levels.

You collected 35 gold pieces.

Inventory:

Hand Weapons
 a - a +2 dagger
 g - a +0 short sword of freezing (weapon)
Missiles
 d - 12 poisoned darts (quivered)
 e - 3 curare-tipped darts
Armour
 b - a +0 robe (worn)
 c - a +0 cloak (worn)
Potions
 f - a potion of cancellation


   Skills:
 * Level 2.1 Fighting
 * Level 2.0 Short Blades
 * Level 1.8 Throwing
 * Level 1.0 Armour
 * Level 1.3 Dodging
 * Level 3.7 Stealth
 * Level 0.2 Spellcasting


You had one spell level left.
You knew the following spells:

 Your Spells              Type           Power      Damage    Failure   Level
a - Beastly Appendage     Tmut           2%         N/A       26%         1
Your spell library was empty.

Dungeon Overview and Level Annotations

Branches:
Dungeon (3/15)

Altars:


Innate Abilities, Weirdness & Mutations

You are immune to sickness and miasma.
You are immune to poison.
Your flesh is very heat resistant. (rF++)
You are vulnerable to cold. (rC-)
You float through the air rather than walking.
You learn spells naturally, not from books.
Your magical power is your life essence.
You have superior vitality. (+4 MHP)


Message History

The gnoll is heavily wounded.
The gnoll closely misses you.
You hit the gnoll. You freeze the gnoll.
The gnoll is severely wounded.
The gnoll hits you with a +0 vampiric whip!
You closely miss the gnoll.
The gnoll is severely wounded.
The gnoll hits you with a +0 vampiric whip.
It was a potion of resistance.
You feel protected. The gnoll barely misses you.
You hit the gnoll. You freeze the gnoll.
The gnoll is almost dead.
The gnoll hits you with a +0 vampiric whip.
You hit the gnoll. You freeze the gnoll.
You kill the gnoll!
Your Short Blades skill increases to level 2!
You hit the gnoll but do no damage.
The gnoll is moderately wounded.
The gnoll hits you with a +0 club.
* * * LOW HITPOINT WARNING * * *
You closely miss the gnoll.
The gnoll is moderately wounded.
The gnoll barely misses you.
You hit the gnoll but do no damage.
The gnoll is moderately wounded.
The gnoll barely misses you.
You hit the gnoll but do no damage.
The gnoll is moderately wounded.
The gnoll hits you with a +0 club.
* * * LOW HITPOINT WARNING * * *
You barely miss the gnoll.
The gnoll is moderately wounded.
The gnoll closely misses you.
You aren't carrying any scrolls.
Unknown command.
You hit the gnoll. You freeze the gnoll.
The gnoll is heavily wounded.
The gnoll hits you with a +0 club.
You die...

#.# ......#
#.##......#
#.##......#
#.##......#
##.##......#
#..........#
#..##......####..
##^.#####.#......#
##.....@g((..#
##.....####.#.#
#.......# #.#...
#.......# #.###..#
#.......# #.# #...
##.....## #.# ##.#
#...... ... .
#.......# ...
#...<...#


You could see a gnoll.

Vanquished Creatures
  2 gnolls (D:3)
  2 endoplasms (D:1)
  2 giant cockroaches
  A goblin (D:2)
  2 hobgoblins (D:1)
  4 kobolds (D:1)
  A quokka (D:2)
  3 ball pythons
  3 bats (D:2)
  2 frilled lizards (D:2)
22 creatures vanquished.

Notes
Turn   | Place    | Note
-------+----------+-------------------------------------------
     0 | D:1      | ChrisAssaf the Djinni Brigand began the quest for the Orb.
     0 | D:1      | Reached XP level 1. HP: 18/18 MP: 0/0
   276 | D:1      | Reached XP level 2. HP: 21/23 MP: 0/0
   842 | D:2      | Reached XP level 3. HP: 28/28 MP: 0/0
   842 | D:2      | Learned a level 1 spell: Beastly Appendage
   866 | D:2      | Reached skill level 1 in Armour
  1007 | D:3      | Slain by a gnoll

Illustrated notes

Levels and vault maps discovered:
D:1:      psy_arrival_heroes, layout_rooms, shapermc_ecumenical_altar_notcrosses
D:2:      layout_basic, serial_bayou_pond_d, nrook_campfire
D:3:      layout_rooms, chei_slow_surprise, nicolae_wormholes

Skill      XL: |  1  2  3 |
---------------+----------+-----
Armour         | 1 |  1.0
Short Blades   | 2 |  2.0
Fighting       | |  2.1
Throwing       | |  1.8
Dodging        | |  1.3
Stealth        | |  3.7
Spellcasting   | |  0.2

Action                   || total
-------------------------++-------
Melee: Dagger            ||    12
       Short sword       ||    57
       Punch             ||     2
       Headbutt          ||     1
Throw: Dart              ||    12
 Cast: Beastly Appendage ||     3
  Use: Scroll            ||     2
       Potion            ||     2
 Stab: Sleeping          ||     2
       Invisible         ||     1
Armor: Robe              ||    14
Dodge: Dodged            ||    37
